 Dungeon Crawl Stone Soup version 0.31.0-11-ge490571c62 (webtiles) character file.

Game seed: 517433121759132629

1154 lukano the Basher (level 8, -6/67 HPs)
             Began as a Minotaur Gladiator on Feb 6, 2024.
             Mangled by a killer bee (7 damage)
             ... on level 5 of the Dungeon.
             The game lasted 00:08:40 (5553 turns).

lukano the Basher (Minotaur Gladiator)              Turns: 5553, Time: 00:08:41

Health: -6/67      AC: 12    Str: 21    XL:     8   Next: 16%
Magic:  7/7        EV:  7    Int:  5    God:
Gold:   236        SH:  0    Dex: 12    Spells: 7/7 levels left

rFire   . . .        a - +1 flail
rCold   + . .        (no shield)
rNeg    . . .        s - +0 plate armour
rPois   .            c - +0 hat
rElec   .            (no cloak)
rCorr   .            (no gloves)
SInv    .            (no boots)
Will    .....        (no amulet) Stlth
                     k - ring of protection from cold
HPRegen 0.31/turn    (no ring)
MPRegen 0.10/turn

%: no passive effects
@: lethally poisoned (-6 -> -15)
A: horns 2, retaliatory headbutt
a: no special abilities


You were on level 5 of the Dungeon.
You visited 1 branch of the dungeon, and saw 6 of its levels.

You collected 236 gold pieces.

Inventory:

Hand Weapons
 a - a +1 flail (weapon)
Missiles
 d - 5 throwing nets (quivered)
 e - a javelin
 m - 75 stones
Armour
 b - a +0 leather armour
 c - a +0 hat (worn)
 j - a +0 chain mail
 s - a +0 plate armour (worn)
Jewellery
 k - a ring of protection from cold (left hand)
Wands
 l - a wand of mindburst (15)
 t - a wand of charming (14)
Scrolls
 f - 2 scrolls of teleportation
 g - 2 scrolls of revelation
 h - a scroll of fear
 i - 2 scrolls of fog
 n - a scroll of poison
 q - a scroll of identify
Potions
 o - a potion of brilliance
 p - 3 potions of degeneration
 r - a potion of enlightenment
 u - a potion of curing
 v - a potion of might


   Skills:
 + Level 4.9 Fighting
 + Level 9.2 Maces & Flails
 + Level 2.3 Throwing
 + Level 5.4 Armour
 + Level 4.2 Dodging
 + Level 0.4 Stealth


You had 7 spell levels left.
You didn't know any spells.
Your spell library contained the following spells:

 Spells                   Type           Power      Damage    Failure   Level
 Call Canine Familiar     Summ           0%         N/A       100%        3
 Sigil of Binding         Hex            0%         N/A       100%        3
 Dimensional Bullseye     Hex/Tloc       0%         N/A       100%        4
 Summon Forest            Summ/Tloc      0%         N/A       100%        5
 Eringya's Noxious Bog    Alch           0%         4d6       100%        6
 Summon Hydra             Summ           0%         N/A       100%        7


Dungeon Overview and Level Annotations

Branches:
Dungeon (6/15)
 Temple: D:4-7

Altars:
Makhleb
Nemelex Xobeh
Uskayaw
Yredelemnul
Zin

Shops:
D:1 (   D:3 *


Innate Abilities, Weirdness & Mutations

You have a pair of horns on your head.
You reflexively headbutt those who attack you in melee.


Message History

You are poisoned.
The killer bee poisons you! The howler monkey hits you.
The killer bee barely misses you. The killer bee stings you.
You hit the killer bee but do no damage.
The killer bee is severely wounded.
You feel sick. The killer bee barely misses you.
The killer bee stings you but does no damage.
The howler monkey barely misses you. The killer bee completely misses you.
The killer bee stings you.
You closely miss the killer bee.
The killer bee is severely wounded.
You feel sick. The killer bee misses you. The killer bee closely misses you.
You furiously retaliate!
You headbutt the killer bee.
The howler monkey hoots and howls with incredible vigour!
The killer bee stings you but does no damage.
The killer bee stings you.
* * * LOW HITPOINT WARNING * * *
You closely miss the killer bee. Your headbutt misses the killer bee.
The killer bee is almost dead.
You feel sick.
The killer bee stings you but does no damage.
The killer bee stings you!
* * * LOW HITPOINT WARNING * * *
You are lethally poisoned!
The killer bee poisons you! The howler monkey closely misses you.
The killer bee stings you but does no damage.
The killer bee stings you.
* * * LOW HITPOINT WARNING * * *
You barely miss the killer bee.
The killer bee is almost dead.
* * * LOW HITPOINT WARNING * * *
You feel very sick. The howler monkey barely misses you.
You furiously retaliate!
You headbutt the howler monkey.
The killer bee stings you but does no damage.
The killer bee stings you.
* * * LOW HITPOINT WARNING * * *
The howler monkey hits you but does no damage.
The killer bee stings you!
You die...

### #.### ######## #...#####
#....... ### #.#.#...# #.......
..# ###.#.#.#.# #....... #.#
#...#.#'#+##########....... ..#
##.................##.......
..####..........@y......##.......
........~~~~....yh......#........
.####...~...............#........
.........~..............#........
#####...................#........
.# #.###...............#.#######
.# #.# #........#.#...)).#...# .#
#.#######.#..#...######...# .#
#.......#....#.#.# #...#


You could see a howler monkey (catching breath) and 2 killer bees.

Vanquished Creatures
  2 water moccasins (D:5)
  A centaur (D:5)
  A phantom (D:5)
  A bullfrog (D:6)
  A killer bee (D:5)
  A jelly (D:5)
  A howler monkey (D:6)
  A gnoll bouda (D:5)
  4 orc priests
  2 bombardier beetles
  A hound (D:6)
  3 iguanas
  An orc wizard (D:2)
  A sleepcap (D:5)
  8 gnolls
  5 adders
  5 ribbon worms
  2 dart slugs
  19 orcs
  4 endoplasms
  2 giant cockroaches
  9 goblins
  8 hobgoblins
  7 jackals
  10 kobolds
  4 quokkas
  7 ball pythons
  6 bats
  2 frilled lizards
  3 rats (D:2)
122 creatures vanquished.

Notes
Turn   | Place    | Note
-------+----------+-------------------------------------------
     0 | D:1      | lukano the Minotaur Gladiator began the quest for the Orb.
     0 | D:1      | Reached XP level 1. HP: 18/18 MP: 0/0
   174 | D:1      | Reached XP level 2. HP: 24/25 MP: 1/1
   182 | D:1      | Found Yshrek's Weapon Shop.
   443 | D:1      | Reached skill level 4 in Maces & Flails
  1027 | D:2      | Reached XP level 3. HP: 22/30 MP: 2/2
  1206 | D:2      | Reached skill level 1 in Armour
  1210 | D:2      | Reached XP level 4. HP: 10/37 MP: 3/3
  1423 | D:2      | Reached skill level 5 in Maces & Flails
  2337 | D:3      | Reached XP level 5. HP: 17/46 MP: 4/4
  2603 | D:3      | Found a sparkling altar of Nemelex Xobeh.
  2699 | D:3      | Found Zin's Purification Station.
  2702 | D:3      | Found a glowing silver altar of Zin.
  3220 | D:4      | Found a burning altar of Makhleb.
  3223 | D:4      | Found a hide-covered altar of Uskayaw.
  3230 | D:4      | Found a basalt altar of Yredelemnul.
  3342 | D:4      | Reached skill level 6 in Maces & Flails
  3460 | D:4      | Reached XP level 6. HP: 52/52 MP: 5/5
  4203 | D:5      | Entered Level 5 of the Dungeon
  4393 | D:5      | Noticed a water moccasin
  4394 | D:5      | Noticed a water moccasin
  4404 | D:5      | Killed a water moccasin
  4405 | D:5      | Reached skill level 7 in Maces & Flails
  4405 | D:5      | Reached XP level 7. HP: 46/60 MP: 6/6
  4750 | D:5      | Reached skill level 8 in Maces & Flails
  4956 | D:5      | Reached skill level 5 in Armour
  5341 | D:6      | Reached skill level 9 in Maces & Flails
  5341 | D:6      | Reached XP level 8. HP: 61/67 MP: 7/7
  5553 | D:5      | HP: 1/67 [killer bee (4)]
  5553 | D:5      | Mangled by a killer bee

Illustrated notes

Levels and vault maps discovered:
D:1:      minmay_arrival_three_doors, layout_loops_ring, serial_shops,
          nicolae_shop_bloodbath_and_beyond, st_stairs_4, minmay_hexomino_p4
D:2:      layout_loops_corners, due_unseen_surprise
D:3:      layout_basic, general_overflow_altar, zin_purify
D:4:      layout_basic, grunt_temple_overflow_diamond,
          cheibrodos_sewer_entry_bend
D:5:      layout_basic, serial_rivers, chequers_serial_rivers_room_b,
          chequers_serial_rivers_small_a, chequers_serial_rivers_room_b,
          chequers_serial_rivers_micro_c, chequers_serial_rivers_room_a,
          minmay_misc_feat_pillars
D:6:      minmay_octagon_keep, layout_basic, enter_ossuary_4,
          gammafunk_ghost_split, small_statue_alley_b, hangedman_decor_opposing,
          uniq_prince_ribbit1

Skill      XL: |  1  2  3  4  5  6  7 |
---------------+----------------------+-----
Maces & Flails | 4 5 6 7 9 |  9.2
Armour         | 1 2 4 5 |  5.4
Fighting       | 3 4 |  4.9
Dodging        | 4 |  4.2
Throwing       | |  2.3
Stealth        | |  0.4

Action                     |  1- 3 |  4- 6 |  7- 9 || total
---------------------------+-------+-------+-------++-------
  Melee: Flail             |    59 |   162 |    92 ||   313
         Headbutt          |     7 |    25 |    14 ||    46
         Punch             |     2 |       |     2 ||     4
    Use: Scroll            |     2 |     7 |     1 ||    10
         Potion            |       |     7 |     2 ||     9
   Stab: Invisible         |       |       |     1 ||     1
 Armour: Leather armour    |     3 |       |       ||     3
         Chain mail        |    32 |    86 |       ||   118
         Plate armour      |       |    37 |   100 ||   137
  Dodge: Dodged            |    28 |    78 |    48 ||   154
